 Dungeon Crawl Stone Soup version 0.31.0 (webtiles) character file.

Game seed: 10182968094193648358

620 qw the Skirmisher (level 7, 0/43 HPs)
             Began as a Gargoyle Hunter on Jan 19, 2024.
             Slain by a troll (13 damage)
             ... on level 5 of the Dungeon.
             The game lasted 00:00:14 (3227 turns).

qw the Skirmisher (Gargoyle Hunter)                 Turns: 3227, Time: 00:00:15

Health: 0/43       AC: 12    Str: 14    XL:     7   Next: 46%
Magic:  7/7        EV: 13    Int: 10    God:
Gold:   153        SH:  0    Dex: 22    Spells: 6/6 levels left

rFire   . . .        j - +0 hand cannon
rCold   + . .        (no shield)
rNeg    + . .        e - +2 robe {rC+}
rPois   inf          c - +0 helmet of Hirytat {^Drain Dex+7 Slay-4}
rElec   +            i - +2 cloak
rCorr   .            (no gloves)
SInv    .            (no boots)
Will    .....        (no amulet)
Stlth   ++           (no ring)
HPRegen 0.27/turn    (no ring)
MPRegen 0.10/turn

%: no passive effects
@: no status effects
A: sickness immunity, AC +4, negative energy resistance 1, electricity
resistance, torment resistance 1, petrification resistance
a: no special abilities


You were on level 5 of the Dungeon.
You visited 1 branch of the dungeon, and saw 5 of its levels.

You collected 153 gold pieces.


Innate Abilities, Weirdness & Mutations

You are immune to sickness and miasma.
Your stone body is resilient. (AC +4)
You are immune to poison.
You resist negative energy. (rN+)
You are resistant to electric shocks. (rElec)
You are resistant to unholy torment.
You are immune to petrification.


   Skills:
 + Level 4.0 Fighting
 - Level 8.0 Ranged Weapons
 - Level 1.0 Armour
 - Level 2.1 Dodging
 - Level 1.1 Stealth


You had 6 spell levels left.
You didn't know any spells.
Your spell library was empty.

Inventory:

Hand Weapons
 j - a +0 hand cannon (weapon)
Armour
 c - the +0 helmet of Hirytat (worn) {^Drain Dex+7 Slay-4}
   (You acquired it on level 3 of the Dungeon)

   Dex+7:     It affects your dexterity (+7).
   Slay-4:    It affects your accuracy & damage with ranged weapons and melee
   (-4).
   ^Drain:    It drains your maximum health when unequipped.
 e - a +2 robe of cold resistance (worn)
 i - a +2 cloak (worn)
Scrolls
 g - 2 scrolls of enchant armour
Potions
 a - a potion of heal wounds {unknown}
 b - a potion of might
 d - a potion of cancellation
 h - a potion of haste

Dungeon Overview and Level Annotations

Branches:
Dungeon (5/15)
 Temple: D:4-7

Altars:
Makhleb
Uskayaw
Vehumet


Message History

You shoot a bolt. The bolt hits the iguana!
The iguana is severely wounded.
The iguana barely misses you.
You shoot a bolt. The bolt closely misses the iguana.
The bolt hits the troll!
The troll is moderately wounded.
The iguana bites you. The iguana barely misses you.
You shoot a bolt. The bolt closely misses the iguana.
The bolt barely misses the troll.
The iguana closely misses you.
You shoot a bolt. The bolt hits the iguana.
The iguana is severely wounded.
The iguana bites you but does no damage.
The iguana barely misses you.
You shoot a bolt. The bolt hits the iguana.
The iguana is almost dead.
The iguana bites you but does no damage.
You shoot a bolt.
The bolt hits the iguana but does no damage.
The iguana is almost dead.
The iguana bites you. The iguana misses you.
You shoot a bolt. The bolt hits the iguana!
You kill the iguana!
The troll bites you. The troll barely misses you. The troll closely misses you.
Your Ranged Weapons skill increases to level 8!
You shoot a bolt. The bolt barely misses the troll.
The bolt barely misses the orc.
The troll bites you. The troll barely misses you. The troll claws you.
You shoot a bolt. The bolt closely misses the troll.
The bolt hits the orc.
The orc is lightly wounded.
The troll completely misses you. The troll closely misses you. x2
The troll bites you. The troll claws you. The troll misses you.
You shoot a bolt. The bolt hits the troll.
The troll is lightly wounded.
The troll barely misses you. The troll closely misses you.
The troll claws you but does no damage.
You shoot a bolt.
The bolt hits the troll but does no damage.
The troll is lightly wounded.
The troll bites you!
You die...

###### ##....## #.
###...#.#. #..#
#...##.#.# #...####
#.###.#.#.
#....######.# ##.#.#
####........###.#.#.
###oT@0#####.).###.#.#
##...####.....#.)#.#.#.
#..### #....####..#.#.#
#)## ###..# ##..#.#.
.o. #..# ###.#%# #...#
#..# #.#.#. #.). ##..#
##.#.# #... ######..##
#..### ##.####.......##
#.##


You could see a troll and an orc.

Vanquished Creatures
  Sigmund (D:3)
  A jelly (D:3)
  3 hounds
  2 sleepcaps
  An orc wizard (D:5)
  3 iguanas
  A statue (D:3)
  6 gnolls
  4 adders
  7 orcs (D:3)
  5 endoplasms
  A giant cockroach (D:1)
  4 goblins
  4 hobgoblins
  3 jackals (D:1)
  5 kobolds
  5 quokkas
  6 ball pythons
  6 bats
  2 frilled lizards
  2 rats
72 creatures vanquished.

Notes
Turn   | Place    | Note
-------+----------+-------------------------------------------
     0 | D:1      | qw the Gargoyle Hunter began the quest for the Orb.
     0 | D:1      | Reached XP level 1. HP: 12/12 MP: 1/1
     0 | D:1      | 0 ||| qw: Version: 0.3-a-132-g3d54051
     0 | D:1      | 0 ||| qw: Game counter: 153
     0 | D:1      | 0 ||| qw: Melee chars always use a shield: true
     0 | D:1      | 0 ||| qw: God list: Okawaru
     0 | D:1      | 0 ||| qw: Allow faded altars: false
     0 | D:1      | 0 ||| qw: Do Orc after clearing Dungeon:15 true
     0 | D:1      | 0 ||| qw: Do second Lair branch before Depths: true
     0 | D:1      | 0 ||| qw: Lair rune preference: random
     0 | D:1      | 0 ||| qw: Goals: Normal
     0 | D:1      | 0 ||| PLANNING D:1-11
    97 | D:1      | 97 ||| RETREEEEATING.
    98 | D:1      | 98 ||| RETREEEEATING.
   100 | D:1      | 100 ||| RETREEEEATING.
   103 | D:1      | 103 ||| RETREEEEATING.
   105 | D:1      | 105 ||| RETREEEEATING.
   106 | D:1      | 106 ||| RETREEEEATING.
   107 | D:1      | 107 ||| RETREEEEATING.
   110 | D:1      | 110 ||| RETREEEEATING.
   118 | D:1      | Reached XP level 2. HP: 13/17 MP: 2/2
   539 | D:1      | 539 ||| UPGRADING to +0 ring mail.
   549 | D:1      | 549 ||| DROPPING +0 leather armour.
   550 | D:1      | 550 ||| READING scroll labelled ZAUJAU EDURIS.
   551 | D:1      | 551 ||| DROPPING scroll of butterflies.
   690 | D:2      | Reached XP level 3. HP: 21/21 MP: 3/3
   770 | D:2      | Reached skill level 1 in Armour
  1383 | D:2      | 1383 ||| UPGRADING to +2 cloak.
  1388 | D:2      | 1388 ||| READING scroll labelled HYKKYH ATUMO.
  1388 | D:2      | 1388 ||| ENCHANTING +0 shortbow.
  1389 | D:2      | 1389 ||| READING 3 scrolls labelled MEILUA YPRIOSA.
  1389 | D:2      | 1389 ||| IDENTIFYING puce potion
  1390 | D:2      | 1390 ||| READING 2 scrolls of identify.
  1390 | D:2      | 1390 ||| IDENTIFYING 2 fizzy cyan potions
  1391 | D:2      | 1391 ||| READING scroll of identify.
  1391 | D:2      | 1391 ||| IDENTIFYING scroll labelled YFIAPLANAI
  1392 | D:2      | 1392 ||| READING scroll labelled JIDOUG POHI.
  1393 | D:2      | 1393 ||| DROPPING 2 potions of degeneration.
  1394 | D:2      | 1394 ||| DROPPING potion of attraction.
  1468 | D:3      | Noticed Sigmund
  1475 | D:3      | Killed Sigmund
  1476 | D:3      | Reached skill level 6 in Ranged Weapons
  1476 | D:3      | Reached XP level 4. HP: 25/26 MP: 4/4
  1476 | D:3      | Reached XP level 5. HP: 29/30 MP: 5/5
  1554 | D:3      | Found a radiant altar of Vehumet.
  1554 | D:3      | Noticed a frost-covered statue
  1566 | D:3      | Killed a frost-covered statue
  1567 | D:3      | Reached XP level 6. HP: 36/36 MP: 6/6
  1680 | D:3      | Found a hide-covered altar of Uskayaw.
  1753 | D:3      | Reached skill level 3 in Fighting
  1769 | D:3      | 1769 ||| FLEEEEING.
  1770 | D:3      | 1770 ||| FLEEEEING.
  1771 | D:3      | 1771 ||| FLEEEEING.
  1772 | D:3      | 1772 ||| FLEEEEING.
  1773 | D:3      | 1773 ||| FLEEEEING.
  1774 | D:3      | 1774 ||| FLEEEEING.
  1775 | D:3      | 1775 ||| FLEEEEING.
  1776 | D:3      | 1776 ||| FLEEEEING.
  1777 | D:3      | 1777 ||| FLEEEEING.
  1778 | D:3      | 1778 ||| FLEEEEING.
  1779 | D:3      | 1779 ||| FLEEEEING.
  1780 | D:3      | 1780 ||| FLEEEEING.
  1781 | D:3      | 1781 ||| FLEEEEING.
  1782 | D:3      | 1782 ||| FLEEEEING.
  1783 | D:3      | 1783 ||| FLEEEEING.
  1784 | D:3      | 1784 ||| FLEEEEING.
  1785 | D:3      | 1785 ||| FLEEEEING.
  1786 | D:3      | 1786 ||| FLEEEEING.
  1787 | D:3      | 1787 ||| FLEEEEING.
  1788 | D:3      | 1788 ||| FLEEEEING.
  1789 | D:3      | 1789 ||| FLEEEEING.
  1790 | D:3      | 1790 ||| FLEEEEING.
  1791 | D:3      | 1791 ||| FLEEEEING.
  1792 | D:3      | 1792 ||| FLEEEEING.
  1793 | D:3      | 1793 ||| FLEEEEING.
  1794 | D:3      | 1794 ||| FLEEEEING.
  1795 | D:3      | 1795 ||| FLEEEEING.
  1796 | D:3      | 1796 ||| FLEEEEING.
  1797 | D:3      | 1797 ||| FLEEEEING.
  1799 | D:3      | 1799 ||| FLEEEEING.
  1800 | D:3      | 1800 ||| FLEEEEING.
  1801 | D:3      | 1801 ||| FLEEEEING.
  1802 | D:3      | 1802 ||| FLEEEEING.
  1803 | D:3      | 1803 ||| FLEEEEING.
  1804 | D:3      | 1804 ||| FLEEEEING.
  1805 | D:3      | 1805 ||| FLEEEEING.
  1806 | D:3      | 1806 ||| FLEEEEING.
  1807 | D:3      | 1807 ||| FLEEEEING.
  1808 | D:3      | 1808 ||| FLEEEEING.
  1809 | D:3      | 1809 ||| FLEEEEING.
  1810 | D:3      | 1810 ||| FLEEEEING.
  1811 | D:3      | 1811 ||| FLEEEEING.
  1812 | D:3      | 1812 ||| FLEEEEING.
  1813 | D:3      | 1813 ||| FLEEEEING.
  1814 | D:3      | 1814 ||| FLEEEEING.
  1815 | D:3      | 1815 ||| FLEEEEING.
  1816 | D:3      | 1816 ||| FLEEEEING.
  1817 | D:3      | 1817 ||| FLEEEEING.
  1818 | D:3      | 1818 ||| FLEEEEING.
  1819 | D:3      | 1819 ||| FLEEEEING.
  1820 | D:3      | 1820 ||| FLEEEEING.
  1821 | D:3      | 1821 ||| FLEEEEING.
  1822 | D:3      | 1822 ||| FLEEEEING.
  1959 | D:3      | Found a burning altar of Makhleb.
  2295 | D:3      | 2295 ||| UPGRADING to +2 robe of cold resistance.
  2305 | D:3      | 2305 ||| DROPPING +0 ring mail.
  2306 | D:3      | 2306 ||| READING scroll of identify.
  2306 | D:3      | 2306 ||| IDENTIFYING yellow potion
  2307 | D:3      | 2307 ||| READING scroll labelled MEROT VAELEM.
  2307 | D:3      | Identified a scroll of acquirement
  2307 | D:3      | 2307 ||| ACQUIRING +0 helmet of Hirytat {^Drain Dex+7
                  | Slay-4}
  2307 | D:3      | Acquired the +0 helmet of Hirytat {^Drain Dex+7 Slay-4}
  2309 | D:3      | 2309 ||| UPGRADING to +0 helmet of Hirytat {^Drain Dex+7
                  | Slay-4}.
  2314 | D:3      | 2314 ||| DRINKING 2 metallic purple potions.
  2556 | D:4      | Reached skill level 7 in Ranged Weapons
  2619 | D:4      | Reached XP level 7. HP: 43/43 MP: 7/7
  2687 | D:4      | 2687 ||| SWAPPING to +0 hand cannon.
  2688 | D:4      | 2688 ||| DROPPING +1 shortbow.
  2854 | D:4      | 2854 ||| READING scroll of identify.
  2854 | D:4      | 2854 ||| IDENTIFYING sedimented amethyst potion
  2855 | D:4      | 2855 ||| READING scroll labelled QUNOEDWI CIED.
  2856 | D:4      | 2856 ||| FLEEEEING.
  2858 | D:4      | 2858 ||| STAIRDANCE
  2888 | D:3      | 2888 ||| READING scroll labelled CETWIVU SEGE.
  2889 | D:3      | 2889 ||| FLEEEEING.
  2908 | D:5      | Entered Level 5 of the Dungeon
  2909 | D:5      | 2909 ||| PLANNING OSSUARY
  3208 | D:5      | Noticed a troll
  3209 | D:5      | 3209 ||| RETREEEEATING.
  3210 | D:5      | 3210 ||| RETREEEEATING.
  3211 | D:5      | 3211 ||| RETREEEEATING.
  3212 | D:5      | 3212 ||| RETREEEEATING.
  3224 | D:5      | Reached skill level 8 in Ranged Weapons
  3227 | D:5      | Slain by a troll

Levels and vault maps discovered:
D:1:      dpeg_arrival_windows_large_door, layout_basic,
          dreamdust_princess_corridor
D:2:      layout_basic
D:3:      layout_basic, old_standard_altar, bloody_makhleb, vehumet_statue,
          serial_glass, glass_columns_b, glass_columns_a,
          nicolae_figureground_pulse, uniq_sigmund
D:4:      layout_basic, serial_corexii_hall, corexii_hall_statues_i,
          corexii_hall_statues_u
D:5:      minmay_general_purpose_star, layout_layer_cave,
          gup_ossuary_entry_pyramid, serial_shops, shop, minivault_23

Skill      XL: |  1  2  3  4  5  6  7 |
---------------+----------------------+-----
Armour         | 1 |  1.0
Ranged Weapons | 6 7 8 |  8.0
Fighting       | 4 |  4.0
Dodging        | 2 |  2.1
Stealth        | |  1.1

Action                     |  1- 3 |  4- 6 |  7- 9 || total
---------------------------+-------+-------+-------++-------
   Fire: Shortbow          |    78 |   154 |       ||   232
         Hand cannon       |       |       |    33 ||    33
    Use: Scroll            |     6 |     2 |     3 ||    11
         Potion            |       |     1 |       ||     1
 Armour: Leather armour    |    22 |       |       ||    22
         Ring mail         |     7 |    23 |       ||    30
         Robe              |       |    18 |    18 ||    36
  Dodge: Dodged            |    24 |    37 |    20 ||    81

Table legend:
 A = Non-vault XP
 B = Vault XP
 C = Vault XP percentage of total XP
 D = Non-vault monster count
 E = Vault monster count
 F = Vault count percentage of total count
                 A         B        C        D         E       F
            +---------+---------+-------+---------+---------+-------
      Total |     513 |     374 |  42.2 |      67 |       5 |   6.9
            +---------+---------+-------+---------+---------+-------
        D:1 |      31 |       0 |   0.0 |      19 |       0 |   0.0
        D:2 |      17 |       0 |   0.0 |      10 |       0 |   0.0
        D:3 |     133 |     263 |  66.4 |      18 |       2 |  10.0
        D:4 |     197 |       0 |   0.0 |      14 |       0 |   0.0
        D:5 |     135 |     111 |  45.1 |       6 |       3 |  33.3
            +---------+---------+-------+---------+---------+-------
